 Dungeon Crawl Stone Soup version 0.24-a0-235-g3f03afc (webtiles) character file.

Game seed: 3725979085884541298

480006 silenth the Warrior (level 24, -9/162 HPs)
             Began as a Tengu Gladiator on Apr 6, 2019.
             Was the Champion of Okawaru.
             Mangled by a caustic shrike (10 damage)
             ... while paralysed by a floating eye
             ... on level 3 of the Depths on Apr 7, 2019.
             The game lasted 02:13:21 (61218 turns).

silenth the Warrior (Tengu Gladiator)              Turns: 61218, Time: 02:13:22

Health: -9/162     AC: 22    Str: 29    XL:     24   Next: 84%
Magic:  0/36       EV:  2    Int: 15    God:    Okawaru [******]
Gold:   1832       SH:  0    Dex: 29    Spells: 31/39 levels left

rFire    + . .     SeeInvis .   a - +10 double sword of Okawaru {drain, Fragile +Blink Str+3 Int+2}
rCold    . . .     Gourm    .   s - +3 buckler "Qoavuini" {*Slow rPois rF+ Dex+4}
rNeg     + . .     Faith    .   Y - +4 acid dragon scales of an ossuary {rElec MR+ rCorr Int+3}
rPois    +         Spirit   +   p - +2 hat {MR+}
rElec    +         Reflect  .   u - +3 cloak of Wasted Space {Str+3}
rCorr    +         Harm     .   v - +0 pair of gloves {Str+3}
MR       +++..                  (boots unavailable)
Stlth    ++++++....             B - amulet of guardian spirit
HPRegen  0.37/turn              K - ring of positive energy
MPRegen  0.25/turn              x - +4 ring of strength

@: paralysed, about to teleport, flying quickly and evasively, quick
A: beak, talons 3, able to fly
}: 2/15 runes: serpentine, barnacled
a: Stop Flying, Heroism, Finesse, Renounce Religion, Evoke Blink


You were on level 3 of the Depths.
You worshipped Okawaru.
Okawaru was exalted by your worship.
You were not hungry.

You visited 8 branches of the dungeon, and saw 40 of its levels.
You visited 1 bazaar.
You also visited: Gauntlet and Ice Cave.

You collected 5506 gold pieces.
You spent 3674 gold pieces at shops.

Inventory:

Hand Weapons
 a - the +10 double sword of Okawaru (weapon) {drain, Fragile +Blink Str+3 Int+2}
   (You acquired it on level 6 of the Dungeon)

   A truly terrible weapon, it drains the life of those it strikes.
   It affects your strength (+3).
   It affects your intelligence (+2).
   It lets you blink.
   It will be destroyed if unequipped.
Missiles
 d - 13 throwing nets
 C - 21 javelins of returning
 T - 15 tomahawks of returning (quivered)
Armour
 p - a +2 hat of magic resistance (worn)
 s - the +3 buckler "Qoavuini" (worn) {*Slow rPois rF+ Dex+4}
   (Okawaru gifted it to you on level 3 of the Vaults)

   It affects your dexterity (+4).
   It protects you from fire.
   It protects you from poison.
   It may slow you when you take damage.
 u - the +3 cloak of Wasted Space (worn) {Str+3}
   (Okawaru gifted it to you on level 3 of the Depths)

   It affects your strength (+3).
 v - a +0 pair of gloves of strength (worn)
 Y - the +4 acid dragon scales of an ossuary (worn) {rElec MR+ rCorr Int+3}
   (You took it off a deep elf elementalist on level 2 of the Depths)

   It affects your intelligence (+3).
   It insulates you from electricity.
   It affects your resistance to hostile enchantments.
   It provides partial protection from all sources of acid and corrosion.
Jewellery
 x - a +4 ring of strength (right hand)
 B - an amulet of guardian spirit (around neck)
 D - an uncursed ring of see invisible
 K - a ring of positive energy (left hand)
 S - an uncursed ring of protection from cold
Wands
 t - a wand of enslavement (41)
 y - a wand of paralysis (37)
 z - a wand of flame (78)
 E - a wand of iceblast (3)
 M - a wand of disintegration (62)
 O - a wand of digging (14)
 V - a wand of polymorph (11)
 X - a wand of acid (3)
Scrolls
 c - a scroll of silence
 f - 29 scrolls of teleportation
 i - 7 scrolls of identify
 k - 2 scrolls of fog
 r - 9 scrolls of remove curse
 J - 5 scrolls of fear
 L - a scroll of magic mapping
 Q - 2 scrolls of immolation
Potions
 g - 3 potions of ambrosia
 h - 7 potions of haste
 l - 6 potions of magic
 m - 5 potions of heal wounds
 n - 8 potions of might
 o - 4 potions of agility
 q - 8 potions of brilliance
 G - 2 potions of cancellation
 I - 21 potions of curing
 P - a potion of invisibility
Miscellaneous
 b - 2 sacks of spiders
 A - a lightning rod (4/4)
 F - a box of beasts
 R - a fan of gales
 U - a phial of floods
 W - a lamp of fire (inert)
Comestibles
 e - 39 rations


   Skills:
 + Level 19.8 Fighting
 - Level 16.0 Long Blades
 + Level 9.4 Throwing
 + Level 14.4 Armour
 + Level 18.0 Dodging
 - Level 15.1 Stealth
 - Level 5.0 Shields
 - Level 8.0 Spellcasting
 - Level 4.0 Hexes
 - Level 6.0 Summonings
 - Level 4.3 Necromancy
 - Level 3.0 Translocations
 - Level 9.0 Air Magic
 - Level 12.0 Invocations
 - Level 14.4 Evocations


You had 31 spell levels left.
You knew the following spells:

 Your Spells              Type           Power        Failure   Level  Hunger
a - Animate Skeleton      Necr           N/A          2%          1    None
b - Apportation           Tloc           ###...       3%          1    None
c - Confusing Touch       Hex            ###...       2%          1    None
d - Summon Butterflies    Summ           ###.....     1%          1    None
e - Summon Lightning Spi  Summ/Air       ####....     6%          4    ####...

Your spell library contained the following spells:

 Spells                   Type           Power        Failure   Level  Hunger
 Summon Small Mammal      Summ           ###.         1%          1    None
 Corona                   Hex            ###....      2%          1    None
 Corpse Rot               Necr           N/A          3%          2    None
 Poisonous Vapours        Pois/Air       ###...       3%          2    None
 Slow                     Hex            ###.....     3%          2    None
 Sublimation of Blood     Necr           ###.......   3%          2    None
 Confuse                  Hex            ###.....     8%          3    ##.....
 Tukima's Dance           Hex            ###.....     8%          3    ##.....
 Ensorcelled Hibernation  Hex/Ice        ##....       9%          2    None
 Portal Projectile        Hex/Tloc       ###...       10%         3    ##.....
 Lesser Beckoning         Tloc           ###.......   12%         3    ##.....
 Mephitic Cloud           Conj/Pois/Air  ###.....     12%         3    ##.....
 Beastly Appendage        Tmut           #.....       13%         1    None
 Freeze                   Ice            #...         13%         1    None
 Sting                    Conj/Pois      #...         13%         1    None
 Dazzling Spray           Conj/Hex       ##....       17%         3    ##.....
 Inner Flame              Hex/Fire       ##......     17%         3    ##.....
 Sticks to Snakes         Tmut           #.......     21%         2    None
 Throw Frost              Conj/Ice       #.....       21%         2    None
 Cause Fear               Hex            ###.......   26%         4    ####...
 Silence                  Hex/Air        ####......   26%         5    #####..
 Ignite Poison            Fire/Tmut/Pois #.......     36%         3    ##.....
 Ozocubu's Armour         Chrm/Ice       #.......     36%         3    ##.....
 Spider Form              Tmut/Pois      #.........   36%         3    ##.....
 Stone Arrow              Conj/Erth      #.....       36%         3    ##.....
 Summon Ice Beast         Ice/Summ       ###.....     36%         4    ####...
 Leda's Liquefaction      Hex/Erth       ##........   50%         4    ####...
 Summon Forest            Summ/Tloc      ###.......   50%         5    #####..
 Ice Form                 Ice/Tmut       #.......     78%         4    ####...
 Olgreb's Toxic Radiance  Pois           #.......     78%         4    ####...
 Petrify                  Tmut/Erth      #.......     78%         4    ####...
 Throw Icicle             Conj/Ice       #.......     78%         4    ####...
 Metabolic Englaciation   Hex/Ice        ##........   85%         5    #####..
 Yara's Violent Unravell  Hex/Tmut       ##........   85%         5    #####..
 Conjure Ball Lightning   Conj/Air       ###.......   97%         6    #######
 Deflect Missiles         Chrm/Air       ###.......   97%         6    #######
 Alistair's Intoxication  Tmut/Pois      #.......     98%         5    #####..
 Blade Hands              Tmut           #.........   98%         5    #####..
 Irradiate                Conj/Tmut      #.........   98%         5    #####..
 Venom Bolt               Conj/Pois      #.........   98%         5    #####..
 Invisibility             Hex            ###.....     98%         6    #######
 Freezing Cloud           Conj/Ice/Air   ###.......   99%         6    #######
 Bolt of Cold             Conj/Ice       #.........   100%        6    #######
 Hydra Form               Tmut           #.........   100%        6    #######
 Ozocubu's Refrigeration  Ice            #.........   100%        6    #######
 Simulacrum               Ice/Necr       ##........   100%        6    #######
 Summon Hydra             Summ           ###.......   100%        7    #######
 Discord                  Hex            ###.......   100%        8    #######
 Tornado                  Air            ####......   100%        9    #######


Dungeon Overview and Level Annotations

Branches:
Dungeon (15/15)            Temple (1/1) D:4            Lair (6/6) D:10
 Shoals (4/4) Lair:4        Snake (4/4) Lair:4          Orc (2/2) D:10
    Elf (0/3) Orc:2        Vaults (4/5) D:13          Crypt (0/3) Vaults:2
 Depths (4/5) D:15
  Slime: Lair:5-6

Altars:
Ashenzari
Cheibriados
Dithmenos
Elyvilon
Fedhas
Gozag
Hepliaklqana
Kikubaaqudgha
Makhleb
Nemelex Xobeh
Okawaru
Qazlal
Ru
Sif Muna
Trog
Uskayaw
Vehumet
Wu Jian
Xom
Yredelemnul
Zin
The Shining One
Beogh

Shops:
D:10 [(   D:11 :   Orc:2 *[[*[[*   Shoals:2 =   Shoals:3 *   Snake:4 }}=
Vaults:1 (

Portals:
Hell: Depths:1 Depths:2 Depths:3
Abyss: Depths:2 Depths:3
Pandemonium: Depths:2 Depths:3
Trove: D:15 (give 5 potions of resistance)

Annotations:
D:9 digging for phial
D:11 exclusion: downstairs
Lair:5 exclusion: oklob plant
Shoals:2 1 exclusion
Snake:1 1 transporter


Innate Abilities, Weirdness & Mutations

You have a beak for a mouth.
You have claws for feet.
You can fly continuously.


Message History

You closely miss something. You claw something.
The caustic shrike closely misses you.
The floating eye gazes piercingly through you!
You suddenly lose the ability to move!
Something hits you!!
* * * LOW HITPOINT WARNING * * *
Something bites you!
* * * LOW HITPOINT WARNING * * *
Something draws strength from your injuries!
The caustic shrike claws you!
* * * LOW HITPOINT WARNING * * *
You are splashed with acid.
You resist.
* * * LOW HITPOINT WARNING * * *
The caustic shrike claws you but does no damage.
Something hits you!!
* * * LOW HITPOINT WARNING * * *
Something bites you!
* * * LOW HITPOINT WARNING * * *
Something draws strength from your injuries!
The caustic shrike claws you!
You die...

### ..#
..#########################
..............Gb@[.[#.....#
..######.....######.#.###.#
..###....###.# #...#.#.#.#
#..##)...# #.# #.###.#...#
##..<....###.# #.# #.#.###
##..(..(....####.###.#.#
##.(.#...#......#...#.#
#...#.(.#..#...#.###.#
######..(..#..#.#.#.# #.#


You could see a caustic shrike and a floating eye.

Vanquished Creatures
  A juggernaut (Depths:3)
  Frederick (Depths:2)
  Nikola (Depths:1)
  A golden dragon (Depths:3)
  the Enchantress (Depths:3)
  Rupert (D:11)
  3 tentacled monstrosities
  An Ice Fiend (IceCv)
  Asterion (Lair:4)
  3 krakens
  A quicksilver dragon (Depths:3)
  3 sphinxes
  6 tengu reavers
  Frances (D:12)
  A shadow dragon (Depths:3)
  A storm dragon (Depths:2)
  9 nagarajas
  11 fire giants
  2 iron dragons
  7 frost giants
  11 vault wardens
  2 deep elf sorcerers
  A deep elf elementalist (Depths:2)
  4 spriggan defenders
  15 stone giants
  A war gargoyle (Vaults:4)
  17 very ugly things
  19 ironheart preservers
  A reaper (Depths:3)
  2 entropy weavers
  2 vampire knights
  The ghost of Gunnerkreig the Destroyer, a journeyman OpWz of Vehumet (Lair:2)
  3 deep elf demonologists
  A minotaur (Gauntlet)
  Azrael (Snake:1)
  A dire elephant (Gauntlet)
  2 spark wasps (Depths:3)
  4 deep elf annihilators
  13 ettins
  10 merfolk impalers
  2 jiangshi (Depths:1)
  5 merfolk javelineers
  7 fire dragons
  12 yaktaur captains
  21 ogre magi
  15 naga warriors
  A deep elf high priest (Depths:2)
  7 great orbs of eyes
  6 ice dragons
  13 vault guards
  The ghost of RodRigor the Spear-Bearer, a journeyman DsFi of Makhleb (Lair:3)
  7 spriggan air magi
  4 merfolk aquamancers (Shoals:4)
  6 rakshasas
  3 merfolk avatars
  2 catoblepae
  10 hydras
  Fannar (D:10)
  7 anacondas
  An alligator snapping turtle (Shoals:3)
  4 death knights
  5 satyrs
  10 centaur warriors
  72 two-headed ogres
  4 tengu warriors
  A titan zombie (D:15)
  5 deep troll shamans (Depths:3)
  3 deep troll earth magi
  10 death yaks
  2 vampire magi
  11 naga sharpshooters
  3 spriggan berserkers
  The ghost of handsome the Covert, a novice OpGl of Okawaru (D:10)
  4 orc high priests
  9 shock serpents
  Nergalle (Lair:3)
  A storm dragon zombie (Vaults:4)
  A hell knight (Depths:2)
  3 deep elf knights
  2 iron trolls (Depths:3)
  A salamander mystic (Snake:4)
  12 sea snakes
  3 glowing orange brains
  25 skeletal warriors
  7 naga ritualists
  An infernal demonspawn (Depths:3)
  2 unseen horrors
  2 flayed ghosts
  A gelid demonspawn (Depths:3)
  5 wizards
  A lindwurm (Lair:6)
  7 deep elf archers
  2 phantasmal warriors
  36 harpies
  14 deep elf magi
  An orange crystal statue (Depths:1)
  19 ironbrand convokers
  16 orc knights
  25 deep trolls
  49 ugly things
  A harpy (shapeshifter) (Vaults:2)
  An oklob plant (Lair:5)
  An orb spider (shapeshifter) (D:14)
  11 orc sorcerers
  A fire giant zombie (Vaults:4)
  3 necromancers
  A frost giant zombie (D:15)
  11 cyclopes
  3 wolf spiders
  A stone giant zombie (D:15)
  13 fauns
  7 mana vipers
  17 manticores
  14 salamanders
  A moth of wrath (shapeshifter) (Vaults:4)
  6 elephants
  25 black mambas
  15 merfolk sirens
  Psyche (D:10)
  14 vault sentinels
  A stone giant skeleton (Vaults:2)
  Joseph (D:7)
  A guardian serpent (shapeshifter) (Vaults:1)
  7 guardian serpents
  6 water nymphs
  29 naga magi
  5 centaur skeletons
  An ice statue (IceCv)
  A gargoyle (D:11)
  10 freezing wraiths
  9 spiny frogs
  A rime drake (shapeshifter) (Depths:2)
  An efreet (D:15)
  3 rime drakes
  9 komodo dragons
  2 kobold demonologists
  A yaktaur zombie (D:15)
  An anaconda simulacrum (IceCv)
  42 yaktaurs
  6 ice devils
  2 golden dragon simulacra (IceCv)
  A redback zombie (D:13)
  A jumping spider (Vaults:2)
  A yaktaur skeleton (Vaults:2)
  5 tengu conjurers
  35 merfolk
  3 queen bees
  A queen bee (shapeshifter) (Vaults:3)
  10 polar bears
  A blink frog (shapeshifter) (D:14)
  3 meliai (shapeshifter)
  7 wind drakes
  5 hornets
  31 slime creatures
  11 trolls
  A tyrant leech (shapeshifter) (Depths:2)
  A hornet (shapeshifter) (Vaults:4)
  10 snapping turtles
  20 dream sheep
  A meliai zombie (D:14)
  2 raiju (shapeshifter)
  3 raiju (Lair:6)
  12 hippogriffs
  18 blink frogs
  A hippogriff (shapeshifter) (Vaults:4)
  2 spriggans (shapeshifter)
  3 dire elephant simulacra (IceCv)
  An ettin skeleton (Vaults:2)
  A shadow (D:13)
  13 water elementals
  3 redbacks
  Sigmund (D:2)
  A ynoxinul (Depths:3)
  2 spriggans (Depths:3)
  4 fire elementals (Snake:1)
  21 yaks
  3 wyverns
  A basilisk (Lair:4)
  A yak (shapeshifter) (Vaults:2)
  3 fire bats (Depths:2)
  9 wargs
  A death yak simulacrum (IceCv)
  3 harpy simulacra (IceCv)
  3 iron troll simulacra (IceCv)
  52 nagas
  16 hell hounds
  2 acid dragons
  12 water moccasins
  2 floating eyes (Depths:3)
  2 hydra simulacra (IceCv)
  8 porcupines
  12 black bears
  An eye of draining (D:11)
  5 sky beasts
  40 orc warriors
  An ice beast (D:8)
  10 boggarts
  39 ogres
  28 centaurs
  An ettin simulacrum (IceCv)
  23 wolves
  A phantom (D:6)
  A tengu (shapeshifter) (Depths:1)
  9 crocodiles
  An elf skeleton (Vaults:4)
  A human zombie (Vaults:4)
  5 big kobolds
  15 bullfrogs
  A gnoll sergeant (D:8)
  5 human skeletons (Vaults:2)
  A water moccasin zombie (D:5)
  2 scorpions
  An elephant simulacrum (IceCv)
  49 killer bees
  2 electric eels
  10 wights
  A howler monkey (D:5)
  5 bullfrog zombies
  12 crimson imps
  2 draconian simulacra (IceCv)
  A quasit (D:12)
  3 centaur zombies
  6 jellies
  3 bullfrog skeletons
  8 iguanas
  24 orc priests
  4 hounds
  Jessica (D:3)
  Natasha (thrice) (D:3)
  11 worker ants
  33 orc wizards
  4 troll simulacra (IceCv)
  A spriggan simulacrum (IceCv)
  4 wolf simulacra (IceCv)
  2 centaur simulacra (IceCv)
  A hound skeleton (D:5)
  A howler monkey zombie (D:5)
  3 worker ant zombies
  15 adders
  10 gnolls
  A naga simulacrum (IceCv)
  3 ogre simulacra (IceCv)
  3 shadow imps
  3 white imps (IceCv)
  5 ufetubi (IceCv)
  2 adder skeletons
  2 worms
  A dart slug (D:1)
  10 leopard geckos
  90 orcs
  5 bats
  9 giant cockroaches
  5 goblins
  8 hobgoblins
  10 jackals
  26 kobolds
  5 quokkas
  A ball python (D:6)
  3 frilled lizards
  A jackal skeleton (D:6)
  A jackal zombie (D:5)
  A quokka zombie (D:5)
  8 rats
  A plant (Shoals:4)
  7 tentacles
1952 creatures vanquished.

Vanquished Creatures (collateral kills)
  A naga warrior (Lair:4)
  An ice devil (IceCv)
2 creatures vanquished.

Vanquished Creatures (others)
  A lich (Depths:3)
  A fire giant (Vaults:2)
  A centaur warrior (D:14)
  A deep elf knight (Vaults:2)
  An orc sorcerer (Orc:2)
  A dream sheep (Lair:6)
  A naga (Snake:2)
  2 orc warriors (Orc:2)
  An ogre (Vaults:2)
  2 orc priests (Orc:2)
  2 orcs (Orc:2)
  7 fungi
  27 plants
  15 tentacles
  A withered plant (D:15)
64 creatures vanquished.

Grand Total: 2018 creatures vanquished

Notes
Turn   | Place    | Note
-------+----------+-------------------------------------------
     0 | D:1      | silenth the Tengu Gladiator began the quest for the Orb.
     0 | D:1      | Reached XP level 1. HP: 12/12 MP: 2/2
   145 | D:1      | Reached XP level 2. HP: 17/17 MP: 3/3
   345 | D:1      | Reached skill level 1 in Stealth
   427 | D:1      | Reached XP level 3. HP: 21/21 MP: 4/4
   761 | D:2      | Reached skill level 4 in Long Blades
  1343 | D:2      | Reached XP level 4. HP: 27/27 MP: 5/5
  1461 | D:2      | Noticed Sigmund
  1477 | D:2      | Killed Sigmund
  1477 | D:2      | Reached skill level 3 in Fighting
  1477 | D:2      | Reached skill level 5 in Long Blades
  1477 | D:2      | Reached skill level 4 in Dodging
  1477 | D:2      | Reached skill level 2 in Stealth
  1477 | D:2      | Gained mutation: You can fly continuously. [Tengu growth]
  1477 | D:2      | Reached XP level 5. HP: 28/32 MP: 6/6
  1531 | D:2      | Found a glowing golden altar of the Shining One.
  1531 | D:2      | Found a white marble altar of Elyvilon.
  1541 | D:2      | Reached XP level 6. HP: 27/37 MP: 4/7
  1819 | D:2      | Found a shimmering altar of Xom.
  1922 | D:3      | Noticed Natasha
  1925 | D:3      | Killed Natasha
  2111 | D:3      | Noticed Jessica
  2119 | D:3      | Killed Jessica
  2137 | D:3      | Noticed Natasha
  2143 | D:3      | Killed Natasha
  2341 | D:3      | Found a roughly hewn altar of Beogh.
  2362 | D:3      | Reached skill level 3 in Stealth
  2642 | D:3      | Noticed Natasha
  2646 | D:3      | Killed Natasha
  2646 | D:3      | Reached XP level 7. HP: 41/41 MP: 8/8
  2833 | D:3      | Found a faded altar of an unknown god.
  2857 | D:3      | Reached skill level 6 in Long Blades
  2996 | D:4      | Found a staircase to the Ecumenical Temple.
  3024 | Temple   | Entered the Ecumenical Temple
  3343 | Temple   | Became a worshipper of Warmaster Okawaru
  3606 | D:4      | Got an ichor-stained leather armour
  3626 | D:4      | Identified the +1 leather armour "Xitsilol" {rElec rPois
                  | Dex+3} (You found it on level 4 of the Dungeon)
  3641 | D:4      | Reached skill level 5 in Dodging
  3779 | D:4      | Found a bloodstained altar of Trog.
  3856 | D:4      | Reached skill level 4 in Fighting
  4122 | D:4      | Found a blossoming altar of Fedhas.
  4177 | D:5      | Entered Level 5 of the Dungeon
  4177 | D:5      | Found a shadowy altar of Dithmenos.
  4216 | D:5      | Reached skill level 1 in Shields
  4259 | D:5      | Found an ancient bone altar of Kikubaaqudgha.
  4522 | D:5      | Reached XP level 8. HP: 37/48 MP: 9/9
  4525 | D:5      | Reached * piety under Okawaru
  4525 | D:5      | Reached skill level 4 in Stealth
  4544 | D:5      | Reached skill level 7 in Long Blades
  5104 | D:5      | Reached skill level 2 in Shields
  5917 | D:6      | Reached skill level 6 in Dodging
  5957 | D:6      | Reached skill level 5 in Fighting
  5957 | D:6      | Reached skill level 8 in Long Blades
  6010 | D:6      | Reached skill level 3 in Shields
  6062 | D:6      | Reached ** piety under Okawaru
  6415 | D:6      | Reached XP level 9. HP: 41/54 MP: 10/10
  6696 | D:6      | Identified a scroll of acquirement
  6697 | D:6      | Got an iridescent double sword
  6698 | D:6      | Identified the +10 double sword of Okawaru {drain, Fragile
                  | +Blink Str+3 Int+2} (You acquired it on level 6 of the
                  | Dungeon)
  6970 | D:7      | Reached skill level 1 in Evocations
  7030 | D:7      | Noticed Joseph
  7269 | D:7      | Killed Joseph
  7269 | D:7      | Reached skill level 9 in Long Blades
  7269 | D:7      | Reached skill level 4 in Shields
  7269 | D:7      | Reached skill level 1 in Invocations
  7477 | D:8      | Reached *** piety under Okawaru
  7477 | D:8      | Reached skill level 2 in Invocations
  7484 | D:8      | Reached skill level 6 in Fighting
  7484 | D:8      | Reached skill level 7 in Dodging
  7484 | D:8      | Reached skill level 2 in Evocations
  7492 | D:8      | Noticed a two-headed ogre
  7498 | D:8      | Killed a two-headed ogre
  7498 | D:8      | Reached XP level 10. HP: 34/60 MP: 7/13
  7501 | D:8      | Reached skill level 3 in Invocations
  7545 | D:8      | Noticed a cyclops
  7723 | D:8      | Noticed a two-headed ogre
  7726 | D:8      | Reached skill level 5 in Stealth
  7734 | D:8      | Killed a two-headed ogre
  7734 | D:8      | Reached **** piety under Okawaru
  7735 | D:8      | Reached skill level 3 in Evocations
  7741 | D:8      | Killed a cyclops
  7741 | D:8      | Reached skill level 10 in Long Blades
  7770 | D:8      | Found a radiant altar of Vehumet.
  8045 | D:8      | Reached skill level 5 in Shields
  8083 | D:8      | Reached skill level 4 in Invocations
  8098 | D:8      | Found a shattered altar of Ashenzari.
  9403 | D:9      | Found a hide-covered altar of Uskayaw.
  9550 | D:10     | Entered Level 10 of the Dungeon
  9594 | D:10     | Reached ***** piety under Okawaru
  9594 | D:10     | Reached skill level 1 in Armour
  9598 | D:10     | Noticed an orc knight
  9600 | D:10     | Found Amotudis's Weapon Emporium.
  9608 | D:10     | Reached skill level 8 in Dodging
  9620 | D:10     | Killed an orc knight
  9620 | D:10     | Reached skill level 7 in Fighting
  9620 | D:10     | Reached skill level 6 in Stealth
  9620 | D:10     | Reached XP level 11. HP: 36/67 MP: 7/15
  9623 | D:10     | Received a gift from Okawaru
  9623 | D:10     | Reached skill level 2 in Armour
  9647 | D:10     | Reached skill level 11 in Long Blades
  9983 | D:10     | Found a staircase to the Orcish Mines.
  9985 | D:10     | Found Cidaeci's Armour Emporium.
 10060 | D:10     | Noticed Psyche
 10061 | D:10     | Noticed a two-headed ogre
 10062 | D:10     | Found a staircase to the Lair.
 10066 | D:10     | Killed Psyche
 10076 | D:10     | Killed a two-headed ogre
 10245 | D:10     | Got a slimy hunting sling
 10249 | D:10     | Reached skill level 3 in Armour
 10594 | D:10     | Noticed Fannar
 10612 | D:10     | Killed Fannar
 10750 | D:10     | Found a transporter.
 10783 | D:10     | Killed an unseen horror
 10783 | D:10     | Reached skill level 7 in Stealth
 10968 | D:10     | Found a transporter.
 10969 | D:10     | Noticed a two-headed ogre
 10970 | D:10     | Identified the +4 dire flail "Fal Rosi" {crush, rN+}
 10970 | D:10     | Identified the cursed +0 great mace "Baetuz Tifea" {crush,
                  | rPois MR+ Str-5 Stlth+}
 10970 | D:10     | Noticed a two-headed ogre
 10971 | D:10     | Noticed handsome's ghost (novice OpGl)
 10972 | D:10     | Noticed a two-headed ogre
 11060 | D:11     | Found Vonoiw's Book Shop.
 11065 | D:11     | Bought a book of Cantrips for 340 gold pieces
 11067 | D:11     | Learned a level 1 spell: Animate Skeleton
 11069 | D:11     | Learned a level 1 spell: Apportation
 11071 | D:11     | Learned a level 1 spell: Confusing Touch
 11083 | D:11     | Noticed a brown ugly thing
 11091 | D:11     | Killed a brown ugly thing
 11393 | D:11     | You are sucked into a shaft!
 11394 | D:12     | Noticed Frances
 11394 | D:12     | Noticed Rupert
 11467 | D:12     | Reached skill level 1 in Necromancy
 11472 | D:12     | Reached skill level 4 in Armour
 11472 | D:12     | Paralysed by Rupert for 2 turns
 11503 | D:11     | Killed Rupert
 11503 | D:11     | Reached ****** piety under Okawaru
 11503 | D:11     | Received a gift from Okawaru
 11503 | D:11     | Reached skill level 12 in Long Blades
 11503 | D:11     | Reached skill level 9 in Dodging
 11503 | D:11     | Reached skill level 1 in Spellcasting
 11503 | D:11     | Reached skill level 1 in Hexes
 11503 | D:11     | Reached skill level 1 in Translocations
 11503 | D:11     | Reached skill level 4 in Evocations
 11503 | D:11     | Reached XP level 12. HP: 38/73 MP: 4/16
 11709 | D:11     | Reached skill level 8 in Fighting
 11847 | D:11     | Reached skill level 2 in Necromancy
 11850 | D:11     | Received a gift from Okawaru
 12321 | D:12     | Noticed a sun demon
 12323 | D:11     | Reached skill level 2 in Spellcasting
 12539 | Lair:1   | Entered Level 1 of the Lair of Beasts
 12556 | Lair:1   | Reached skill level 5 in Invocations
 12757 | Lair:1   | Reached skill level 2 in Translocations
 12763 | Lair:1   | Noticed a six-headed hydra
 12796 | Lair:1   | Killed a six-headed hydra
 12948 | Lair:1   | Reached skill level 2 in Hexes
 12989 | Lair:1   | Reached skill level 5 in Armour
 13094 | Lair:1   | Reached skill level 3 in Necromancy
 13714 | Lair:2   | Reached skill level 3 in Throwing
 13714 | Lair:2   | Reached skill level 5 in Evocations
 13828 | Lair:2   | Found a runed translucent door.
 13829 | Lair:2   | Noticed Gunnerkreig's ghost (journeyman OpWz)
 13836 | Lair:2   | Reached XP level 13. HP: 76/79 MP: 18/18
 13863 | Lair:2   | Reached skill level 3 in Spellcasting
 14630 | Lair:3   | Received a gift from Okawaru
 14631 | Lair:3   | Got a brightly glowing robe {god gift}
 14632 | Lair:3   | Identified the +1 robe of Falynige {rN++} (Okawaru gifted
                  | it to you on level 3 of the Lair of Beasts)
 14782 | Lair:3   | Noticed Nergalle
 14793 | Lair:3   | Killed Nergalle
 14808 | Lair:3   | Found a large runed translucent door.
 14808 | Lair:3   | Found a large runed translucent door.
 14809 | Lair:3   | Noticed RodRigor's ghost (journeyman DsFi)
 14888 | Lair:4   | Found a staircase to the Shoals.
 14905 | Lair:4   | Reached skill level 4 in Throwing
 14911 | Lair:4   | Found a gate leading to a gauntlet.
 14920 | Gauntlet | Entered a Gauntlet
 14920 | Gauntlet | Found a transporter.
 14920 | Gauntlet | Found a transporter.
 14979 | Gauntlet | Found a transporter.
 14981 | Gauntlet | Found a transporter.
 14986 | Gauntlet | Found a transporter.
 14993 | Gauntlet | Found a transporter.
 15001 | Gauntlet | Found a transporter.
 15003 | Gauntlet | Found a transporter.
 15003 | Gauntlet | Found a transporter.
 15003 | Gauntlet | Noticed a dire elephant
 15003 | Gauntlet | Noticed a great orb of eyes
 15009 | Gauntlet | Found a transporter.
 15045 | Gauntlet | Found a transporter.
 15090 | Gauntlet | Found a transporter.
 15100 | Gauntlet | Found a transporter.
 15121 | Gauntlet | Found a transporter.
 15216 | Gauntlet | Found a transporter.
 15234 | Gauntlet | Found a transporter.
 15321 | Gauntlet | Reached skill level 6 in Evocations
 15408 | Gauntlet | Killed a dire elephant
 15408 | Gauntlet | Reached skill level 10 in Dodging
 15569 | Gauntlet | Identified the +7 shortbow of Joighear {flame, rPois rC+
                  | Str-4 SInv}
 15569 | Gauntlet | Noticed a minotaur
 15581 | Gauntlet | Killed a minotaur
 15581 | Gauntlet | Reached skill level 6 in Invocations
 15873 | Lair:4   | Reached skill level 9 in Fighting
 15905 | Lair:4   | Reached skill level 7 in Evocations
 16106 | Lair:4   | Received a gift from Okawaru
 16125 | Lair:4   | Found a staircase to the Snake Pit.
 16133 | Lair:4   | Reached skill level 13 in Long Blades
 16179 | Lair:4   | Got a translucent triple sword
 16180 | Lair:4   | Identified the +0 triple sword "Biplosti" {flame, rElec rN+
                  | Int-5} (You acquired it on level 4 of the Lair of Beasts)
 16678 | Lair:4   | Reached skill level 5 in Throwing
 16948 | Lair:5   | Found a glowing golden altar of the Shining One.
 16982 | Lair:5   | Learned a level 1 spell: Summon Butterflies
 17324 | Lair:5   | Reached skill level 1 in Summonings
 17336 | Lair:5   | Reached XP level 14. HP: 85/86 MP: 18/20
 17917 | Lair:6   | Entered Level 6 of the Lair of Beasts
 17987 | Lair:6   | Reached skill level 2 in Summonings
 17989 | Lair:6   | Reached skill level 8 in Evocations
 19103 | Lair:6   | Received a gift from Okawaru
 19103 | Lair:6   | Reached skill level 6 in Armour
 19109 | Lair:6   | Reached skill level 7 in Invocations
 19215 | Lair:6   | Reached skill level 3 in Summonings
 19244 | Lair:6   | Reached skill level 3 in Hexes
 19297 | Lair:6   | HP: 7/87 [catoblepas (10)]
 19584 | Lair:6   | Reached skill level 9 in Evocations
 19706 | Lair:6   | Reached skill level 11 in Dodging
 19781 | Lair:6   | Reached skill level 10 in Fighting
 19954 | Lair:6   | Received a gift from Okawaru
 19967 | Lair:6   | Reached skill level 7 in Armour
 19969 | Lair:6   | Reached XP level 15. HP: 38/92 MP: 12/23
 20763 | D:12     | Killed Frances
 21060 | D:12     | Reached skill level 10 in Evocations
 21248 | D:13     | Found a gate to the Vaults.
 21270 | D:13     | Reached skill level 8 in Invocations
 21275 | D:13     | Reached skill level 14 in Long Blades
 21591 | D:13     | Received a gift from Okawaru
 22182 | D:14     | Reached skill level 12 in Dodging
 22442 | D:14     | Reached skill level 11 in Fighting
 22611 | D:14     | Reached skill level 15 in Long Blades
 23318 | D:15     | Entered Level 15 of the Dungeon
 23335 | D:15     | Found a staircase to the Depths.
 23371 | D:15     | Received a gift from Okawaru
 23781 | D:15     | Reached XP level 16. HP: 53/100 MP: 15/24
 23807 | D:14     | Reached skill level 8 in Stealth
 24307 | D:15     | Found a portal to a secret trove of treasure.
 24342 | D:15     | Received a gift from Okawaru
 24405 | D:15     | Found a shadowy altar of Dithmenos.
 24610 | D:15     | Reached skill level 16 in Long Blades
 24618 | D:15     | Reached skill level 9 in Stealth
 24850 | D:15     | Received a gift from Okawaru
 24850 | D:15     | Reached skill level 12 in Fighting
 25415 | Orc:1    | Entered Level 1 of the Orcish Mines
 25428 | Orc:1    | Received a gift from Okawaru
 25737 | Orc:2    | Entered Level 2 of the Orcish Mines
 26058 | Orc:2    | Found Azizudih's Assorted Antiques.
 26129 | Orc:2    | Found a staircase to the Elven Halls.
 26298 | Orc:2    | Found Plog's Antique Armour Shoppe.
 26339 | Orc:2    | Found Engaq's Armour Shoppe.
 26352 | Orc:2    | Reached skill level 10 in Stealth
 26657 | Orc:2    | Found a roughly hewn altar of Beogh.
 26657 | Orc:2    | Found Plog's General Store.
 26759 | Orc:2    | Found a gateway to a bazaar.
 26819 | Orc:2    | Found Icoodeps's General Store.
 26821 | Orc:2    | Found Coet's Antique Armour Shop.
 26838 | Orc:2    | Found Qaril's Armour Shop.
 26916 | Orc:2    | Reached skill level 13 in Fighting
 26941 | Bazaar   | Entered a bazaar
 26958 | Bazaar   | Found Huic's Magic Scroll Shoppe.
 26973 | Bazaar   | Found Eharer's Weapon Shoppe.
 26973 | Bazaar   | Found Yteyde's Antique Armour Emporium.
 26994 | Bazaar   | Found Nietta's Weapon Emporium.
 27040 | Bazaar   | Bought a pair of runed gloves for 217 gold pieces
 27080 | Bazaar   | Bought a scroll of teleportation for 36 gold pieces
 27080 | Bazaar   | Bought a scroll of vulnerability for 90 gold pieces
 27080 | Bazaar   | Bought a scroll of teleportation for 36 gold pieces
 27080 | Bazaar   | Bought a scroll of magic mapping for 42 gold pieces
 27094 | Bazaar   | Bought a shiny buckler for 217 gold pieces
 27182 | Orc:2    | Bought a box of beasts for 240 gold pieces
 27182 | Orc:2    | Bought a potion of might for 48 gold pieces
 27230 | Orc:2    | Bought a scroll of teleportation for 84 gold pieces
 27230 | Orc:2    | Bought a scroll of blinking for 210 gold pieces
 27247 | Orc:2    | Bought a translucent cloak for 304 gold pieces
 27247 | Orc:2    | Bought an embroidered hat for 224 gold pieces
 27282 | Orc:2    | Identified the +1 cloak of the Gate {-Tele MR+ Dex+2} (You
                  | bought it in a shop on level 2 of the Orcish Mines)
 27325 | Orc:2    | Bought a +1 buckler of protection for 231 gold pieces
 27493 | Snake:1  | Entered Level 1 of the Snake Pit
 27493 | Snake:1  | Noticed Asterion
 27589 | Lair:4   | Noticed an Executioner
 27855 | Lair:4   | Killed Asterion
 28393 | Snake:1  | Reached skill level 14 in Fighting
 28393 | Snake:1  | Reached XP level 17. HP: 80/111 MP: 18/25
 28403 | Snake:1  | Received a gift from Okawaru
 28676 | Snake:1  | Found a deep blue altar of Sif Muna.
 28680 | Snake:1  | Found a transporter.
 28693 | Snake:1  | Noticed Azrael
 28710 | Snake:1  | Killed Azrael
 29203 | Snake:2  | Reached skill level 15 in Fighting
 29531 | Snake:2  | Received a gift from Okawaru
 30585 | Snake:3  | Reached skill level 16 in Fighting
 31365 | D:10     | Killed handsome's ghost
 31517 | Lair:2   | Killed Gunnerkreig's ghost
 31577 | Lair:3   | Killed RodRigor's ghost
 31620 | Shoals:1 | Entered Level 1 of the Shoals
 31818 | Shoals:1 | Received a gift from Okawaru
 32059 | Shoals:1 | Reached XP level 18. HP: 99/120 MP: 22/26
 32496 | Shoals:2 | Found a frozen archway.
 32566 | Shoals:2 | Reached skill level 6 in Throwing
 32601 | IceCv    | Entered an ice cave
 32721 | IceCv    | Learned a level 4 spell: Summon Lightning Spire
 32997 | IceCv    | Noticed an Ice Fiend
 33003 | IceCv    | Received a gift from Okawaru
 33355 | IceCv    | Killed an Ice Fiend
 33355 | IceCv    | Reached skill level 8 in Armour
 33355 | IceCv    | Reached skill level 4 in Hexes
 33355 | IceCv    | Reached skill level 1 in Air Magic
 33889 | Shoals:2 | You are sucked into a shaft!
 33945 | Shoals:3 | Found a runed translucent door.
 33950 | Shoals:3 | Reached skill level 2 in Air Magic
 33956 | Shoals:3 | Received a gift from Okawaru
 33959 | Shoals:3 | Identified the +8 great sword of Teira {slice, +Fly rPois}
                  | (Okawaru gifted it to you on level 3 of the Shoals)
 34364 | Shoals:2 | Found Pubbopn's Jewellery Emporium.
 34439 | Shoals:2 | HP: 11/120 [wind drake/the air (16)]
 34712 | Shoals:2 | Reached skill level 3 in Air Magic
 34970 | Shoals:2 | Reached skill level 9 in Invocations
 35370 | Shoals:3 | Reached skill level 11 in Stealth
 36159 | Shoals:3 | Reached skill level 4 in Air Magic
 36211 | Shoals:3 | Received a gift from Okawaru
 36212 | Shoals:3 | Reached skill level 7 in Throwing
 36221 | Shoals:3 | Got a pair of scorched gloves {god gift}
 36302 | Shoals:3 | Identified the +0 pair of gloves of Okawaru's Vengeance
                  | {SInv} (Okawaru gifted it to you on level 3 of the Shoals)
 36345 | Shoals:3 | Found Biochy's Bounteous Boutique.
 36379 | Shoals:3 | Bought a scroll of blinking for 150 gold pieces
 36916 | Shoals:4 | Entered Level 4 of the Shoals
 36963 | Shoals:4 | Reached skill level 11 in Evocations
 37198 | Shoals:4 | Reached XP level 19. HP: 103/127 MP: 23/28
 37220 | Shoals:4 | Reached skill level 4 in Summonings
 37269 | Shoals:4 | Reached skill level 13 in Dodging
 37884 | Shoals:4 | Reached skill level 5 in Air Magic
 38259 | Shoals:4 | Reached skill level 4 in Spellcasting
 39199 | Shoals:4 | Got a barnacled rune of Zot
 39254 | Shoals:4 | Reached skill level 5 in Summonings
 39734 | Snake:4  | Entered Level 4 of the Snake Pit
 39766 | Snake:4  | Reached skill level 6 in Air Magic
 40122 | Snake:4  | Received a gift from Okawaru
 40430 | Snake:4  | Found Nawk's Jewellery Shoppe.
 40430 | Snake:4  | Found Ymerreull's Gadget Boutique.
 40431 | Snake:4  | Found Buipykiw's Gadget Boutique.
 40440 | Snake:4  | Bought a lamp of fire for 560 gold pieces
 40440 | Snake:4  | Bought a wand of acid (11) for 420 gold pieces
 40808 | Snake:4  | Reached skill level 8 in Throwing
 41096 | Snake:4  | Received a gift from Okawaru
 41492 | Snake:4  | Reached skill level 4 in Necromancy
 41547 | Snake:4  | Received a gift from Okawaru
 41547 | Snake:4  | Reached skill level 5 in Spellcasting
 42426 | Snake:4  | Reached skill level 12 in Stealth
 42426 | Snake:4  | Reached skill level 3 in Translocations
 42426 | Snake:4  | Reached XP level 20. HP: 119/133 MP: 23/29
 42518 | Snake:4  | Reached skill level 7 in Air Magic
 42693 | Snake:4  | Got a serpentine rune of Zot
 42956 | Lair:1   | Identified the +4 hunting sling of Conscience {venom,
                  | *Contam rC+ rN+ Str+7} (You found it on level 10 of the
                  | Dungeon)
 43112 | Orc:2    | Bought a crude scale mail for 225 gold pieces
 43123 | Orc:2    | Identified the +2 scale mail "Nucranka" {Int-2 Dex+2
                  | Stlth+} (You bought it in a shop on level 2 of the Orcish
                  | Mines)
 43315 | Vaults:1 | Entered Level 1 of the Vaults
 43330 | Vaults:1 | Reached skill level 10 in Invocations
 43449 | Vaults:1 | Reached skill level 17 in Fighting
 43470 | Vaults:1 | Reached skill level 6 in Summonings
 44175 | Vaults:1 | Reached skill level 8 in Air Magic
 44203 | Vaults:1 | Reached skill level 12 in Evocations
 44607 | Vaults:1 | Found Kuem's Antique Weapon Shoppe.
 44644 | Vaults:1 | Reached skill level 14 in Dodging
 44649 | Vaults:1 | Reached skill level 9 in Armour
 44658 | Vaults:1 | Received a gift from Okawaru
 44940 | Vaults:2 | Received a gift from Okawaru
 44969 | Vaults:2 | Reached skill level 9 in Air Magic
 45025 | Vaults:2 | Found the +7 longbow "Piercer" {penet, EV-2}
 45356 | Vaults:2 | Received a gift from Okawaru
 45390 | Vaults:2 | Reached skill level 13 in Stealth
 45408 | Vaults:2 | Received a gift from Okawaru
 45408 | Vaults:2 | Reached XP level 21. HP: 89/140 MP: 22/31
 45824 | Vaults:2 | Received a gift from Okawaru
 46039 | Vaults:2 | Reached skill level 10 in Armour
 46063 | Vaults:2 | Received a gift from Okawaru
 46398 | Vaults:2 | Received a gift from Okawaru
 46812 | Vaults:2 | Received a gift from Okawaru
 46812 | Vaults:2 | Reached skill level 13 in Evocations
 47212 | Vaults:2 | Found a staircase to the Crypt.
 47563 | Vaults:3 | Reached skill level 15 in Dodging
 47917 | Vaults:3 | Received a gift from Okawaru
 48073 | Vaults:3 | Received a gift from Okawaru
 48080 | Vaults:3 | Got a faintly glowing buckler {god gift}
 48092 | Vaults:3 | Identified the +3 buckler "Qoavuini" {*Slow rPois rF+
                  | Dex+4} (Okawaru gifted it to you on level 3 of the Vaults)
 48129 | Vaults:3 | Reached skill level 6 in Spellcasting
 48289 | Vaults:3 | Reached skill level 11 in Armour
 48623 | Vaults:3 | Reached XP level 22. HP: 127/146 MP: 30/32
 49298 | Vaults:3 | Reached skill level 14 in Stealth
 49304 | Vaults:3 | Reached skill level 18 in Fighting
 51066 | Vaults:4 | Reached skill level 11 in Invocations
 51386 | Vaults:4 | Received a gift from Okawaru
 51400 | Vaults:4 | Reached skill level 12 in Armour
 51970 | Vaults:4 | Got a smoking chain mail {god gift}
 51973 | Vaults:4 | Identified the +4 chain mail "Laineesi" {-Tele rPois rCorr
                  | Stlth+} (Okawaru gifted it to you on level 4 of the Vaults)
 52024 | Vaults:4 | Reached skill level 14 in Evocations
 52470 | Depths:1 | Entered Level 1 of the Depths
 52703 | Depths:1 | Reached skill level 16 in Dodging
 52733 | Depths:1 | Reached XP level 23. HP: 152/153 MP: 34/34
 53028 | Depths:1 | Reached skill level 15 in Stealth
 53511 | Depths:1 | Noticed Nikola
 53520 | Depths:1 | Killed Nikola
 53762 | Depths:1 | Found a gateway to Hell.
 54179 | Depths:2 | Received a gift from Okawaru
 54830 | Depths:2 | Received a gift from Okawaru
 54857 | Depths:2 | Found a runed translucent door.
 54913 | Depths:2 | Reached skill level 12 in Invocations
 55814 | Depths:2 | Identified the +7 lajatang of Wuwkutz {flame, *Drain MR+
                  | Str+4}
 55940 | Depths:2 | Reached skill level 19 in Fighting
 56262 | Depths:2 | Identified the ring "Ehefie" {MP+9 Str-4 Dex+5}
 56293 | Depths:2 | Identified the +4 acid dragon scales of an ossuary {rElec
                  | MR+ rCorr Int+3}
 56355 | Depths:2 | Paralysed by a great orb of eyes for 4 turns
 56388 | Depths:2 | HP: 9/155 [deep elf high priest/a malign offering (7)]
 56389 | Depths:2 | Reached skill level 13 in Armour
 56577 | Depths:2 | Reached skill level 17 in Dodging
 56750 | Depths:2 | Received a gift from Okawaru
 57123 | Depths:2 | Found a one-way gate to the infinite horrors of the Abyss.
 57143 | Depths:2 | Found a one-way gate leading to the halls of Pandemonium.
 57411 | Depths:2 | Identified the Grimoire of Toxic Cold
 57507 | Depths:3 | Reached XP level 24. HP: 160/160 MP: 34/34
 57579 | Depths:3 | Noticed Frederick
 58011 | Depths:3 | Paralysed by a floating eye for 2 turns
 58018 | Depths:3 | Paralysed by a floating eye for 4 turns
 58022 | Depths:3 | HP: 11/161 [deep troll shaman (6)]
 58457 | Depths:3 | Paralysed by a floating eye for 2 turns
 58500 | Depths:3 | Reached skill level 7 in Spellcasting
 58532 | Depths:3 | Received a gift from Okawaru
 58863 | Depths:2 | Killed Frederick
 58863 | Depths:2 | Received a gift from Okawaru
 58902 | Depths:3 | Noticed a juggernaut
 58915 | Depths:3 | Killed a juggernaut
 58915 | Depths:3 | Received a gift from Okawaru
 58925 | Depths:3 | Identified the +5 triple sword "Ypsona" {freeze, rC+}
                  | (Okawaru gifted it to you on level 3 of the Depths)
 59223 | Depths:3 | Reached skill level 14 in Armour
 59859 | Depths:4 | Identified the +5 faerie dragon scales {+Blink rF+ rCorr
                  | MP-9}
 59859 | Depths:4 | Noticed the Enchantress
 59870 | Depths:3 | Reached skill level 8 in Spellcasting
 59898 | Depths:3 | Reached skill level 9 in Throwing
 59900 | Depths:3 | Received a gift from Okawaru
 60123 | Depths:3 | Got a shimmering cloak {god gift}
 60137 | Depths:3 | Identified the +3 cloak of Wasted Space {Str+3} (Okawaru
                  | gifted it to you on level 3 of the Depths)
 60369 | Depths:3 | Killed the Enchantress
 60369 | Depths:3 | Reached skill level 18 in Dodging
 60489 | Depths:4 | Paralysed by a floating eye for 3 turns
 60491 | Depths:4 | Noticed a caustic shrike
 60779 | Depths:4 | Paralysed by a floating eye for 2 turns
 61207 | Depths:4 | Paralysed by a floating eye for 4 turns
 61217 | Depths:3 | Paralysed by a floating eye for 3 turns
 61218 | Depths:3 | HP: 7/162 [something (17)]
 61218 | Depths:3 | HP: 1/162 [something (6)]
 61218 | Depths:3 | Mangled by a caustic shrike

Levels and vault maps discovered:
D:1:      onia_arrival_mini_maze, layout_loops_ring
D:2:      layout_basic, lemuel_crystal_altar, grunt_temple_overflow_open,
          first_ration, uniq_sigmund
D:3:      layout_loops_ring, chequers_ecumenical_altar_twisty,
          kennysheep_orc_chapel, uniq_jessica, uniq_natasha
D:4:      layout_rooms, lightli_temple_of_fire, fedhas_altar_fruit_tree,
          minmay_temple_entry_slanted, serial_glass, glass_columns_b,
          glass_columns_b, minmay_diced_spiral
D:5:      layout_layer_cave, overflow_temple_1_default,
          overflow_temple_1_default, serial_undead, serial_undead_a,
          serial_undead_f, serial_undead_b, serial_undead_d, serial_undead_d,
          serial_bayou_pond_b
D:6:      layout_basic, kennysheep_generic_room_10
D:7:      layout_rooms, uniq_joseph
D:8:      layout_basic, nicolae_overflow_crystal_walls,
          nicolae_ashenzari_panopticon
D:9:      layout_cave_pods, kennysheep_little_box, serial_glass,
          glass_columns_a, glass_columns_a, due_unseen_surprise,
          feat_on_display, minmay_strange_pillars, minmay_strange_pillars
D:10:     layout_roguey, lair_entry_dummy, orc_david_3, gammafunk_ghost_smash,
          david_nohive_1, amethyst_killhole, uniq_psyche, uniq_fannar
D:11:     layout_gridville, serial_shops, shop, serial_bayou_ford_a
D:12:     layout_rooms, uniq_frances, uniq_rupert
D:13:     layout_cross, lightli_vaults_fourway_checkpoint
D:14:     layout_rooms, serial_corexii_hall, corexii_hall_statues_x,
          chequers_hall_statues_y, grunt_decor_one_mirror
D:15:     gammafunk_depths_entry_grave, layout_irregular_city, enter_trove_0,
          nicolae_dithmenos_the_darkroom, minmay_misc_feat_tower
Temple:   minmay_temple_forest_path
Lair:1:   layout_regular_city, grunt_megastairs_3
Lair:2:   layout_gridlike, ebering_ghost_inner_flame,
          infiniplex_staircase_pool_2
Lair:3:   layout_concentric_octagons, ebering_ghost_disaster_area, st_stairs_4,
          chequers_serial_rivers_room_b, uniq_nergalle
Lair:4:   layout_small_grid, shoals_dummy_entry, guppyfry_snake_entry_island,
          gauntlet_entry_generic
Lair:5:   layout_loops_ring, minmay_slime_entry_oklob_enclosed, basic_altar
Lair:6:   hangedman_lair_in_review, layout_small_grid,
          hangedman_lair_caniforms_friends, infiniplex_staircase_pool
Shoals:1: layout_shoals
Shoals:2: layout_shoals, serial_shops, nicolae_shop_crystal,
          portal_ice_cave_entry_pillars_three
Shoals:3: cheibrodos_shoals_satyrical_garden, layout_shoals,
          nicolae_alphabet_shops, lightli_airlock
Shoals:4: shoals_end_grunt_ice, layout_shoals
Snake:1:  gammafunk_sealed_library, layout_rooms, serial_bayou_shore_b,
          uniq_asterion, uniq_azrael
Snake:2:  layout_misc_corridors, drop_trap
Snake:3:  layout_basic, nicolae_coiled_stairwell_down
Snake:4:  snake_pit, layout_misc_corridors, nrook_guardian_serpent_ordinary,
          minmay_shop_grove
Orc:1:    layout_caves
Orc:2:    st_orc_elflike, layout_caves, basic_altar, serial_shops, bzr_firewalk,
          nicolae_shop_behind_doors, shop, shop
Vaults:1: hangedman_vaults_slither, nicolae_vaults_big_ls, v_misc_27,
          grunt_vaults_hallway_long, v_misc_31, vaults_room_corners,
          vaults_dpeg_cross, vaults_room_corners, v_misc_23,
          layout_vaults_omnicross, serial_shops, shop
Vaults:2: v_misc_17, hangedman_vaults_snaps, vaults_room_door_ring,
          vaults_mumra_hexcomb, v_misc_30, minmay_crypt_entry_skeletal_spiral,
          hangedman_vaults_impose, dpeg_vaults_monster_row, v_pattern_1,
          vaults_mumra_minichess_inversion,
          minmay_guarded_unrand_secular_launcher, ontoclasm_vaults_ring_small,
          serial_ice_b, vaults_dpeg_spiral, layout_vaults_maze_bifur
Vaults:3: nicolae_vaults_ninety_degrees, nicolae_vaults_network_star,
          vaults_room_grid, vaults_room_pools, v_rooms_3,
          vaults_standard_mumra_x, nicolae_vaults_alarming,
          layout_vaults_quadrants
Vaults:4: nicolae_vaults_circle_grid_b, nicolae_vaults_angled_halls,
          vaults_room_guarded_vault, vaults_room_octagon,
          hangedman_vaults_locks, v_alt_pattern_2, ontoclasm_vaults_chip,
          nicolae_vaults_little_squares_3, nicolae_vaults_disjoint_gnomons,
          v_misc_15, nicolae_vaults_specimen_jars, v_misc_2,
          nicolae_vaults_mini_display_case, v_misc_25,
          nicolae_vaults_little_squares_1, layout_vaults_omnibox
Depths:1: layout_gridville, minmay_misc_feat_four_crosses, hell_entry,
          minmay_misc_feat_roman, kennysheep_another_room, nrook_uturn,
          minivault_15, hangedman_decor_slide_cut, minmay_misc_feat_cross,
          hangedman_decor_peaks_small, nicolae_lava_and_water,
          grunt_ministairs_7, kennysheep_nondescript, minivault_14,
          hangedman_decor_opposing, minivault_10, st_stairs_4, firewood_loft,
          uniq_nikola
Depths:2: box_level_dp, pan_entry, abyss_entry, hell_entry
Depths:3: minmay_expanding_squares, layout_basic, rand_demon_pan_entry_9,
          hell_entry, abyss_entry, minmay_misc_feat_chi,
          kennysheep_decorative_pillar, uniq_frederick
Depths:4: minmay_heptahexagon, layout_cave_pools, pf_coc_iceberg,
          minmay_tree_intersection, nicolae_abyss_entry_one_way_or_another,
          serial_bayou_shore_b, serial_bayou_shore_a, uniq_enchantress
Bazaar:   bazaar_short_row
IceCv:    ice_cave_caverns_03
Gauntlet: gammafunk_gauntlet_branching [gammafunk_gauntlet_arena_crates,
          gammafunk_gauntlet_arena_chambers,
          gammafunk_gauntlet_arena_arrow_garden,
          gammafunk_gauntlet_arena_corners,
          gammafunk_gauntlet_arena_split_diamond,
          nicolae_gauntlet_arena_grate_2, nicolae_gauntlet_arena_flowing_pool,
          gammafunk_gauntlet_arena_split_x, gauntlet_exit_green]

Skill      XL: |  1  2  3  4  5  6  7  8  9 10 11 12 13 14 15 16 17 18 19 20 21 22 23 24 |
---------------+-------------------------------------------------------------------------+-----
Stealth        | 1 2 3 4 6 7 10 11 12 13 14 15 | 15.1
Long Blades    | 4 5 6 8 9 10 12 13 15 16 | 16.0
Fighting       | 3 4 5 6 7 8 9 10 11 14 16 17 18 19 | 19.8
Dodging        | 4 5 6 7 8 9 10 11 12 13 14 15 16 17 18 | 18.0
Shields        | 1 3 4 5 |  5.0
Evocations     | 2 3 4 5 7 9 10 11 12 13 14 | 14.4
Invocations    | 2 4 5 6 7 8 9 10 11 12 | 12.0
Armour         | 1 4 5 7 8 9 11 12 13 14 | 14.4
Necromancy     | 1 3 4 |  4.3
Spellcasting   | 1 2 3 5 6 8 |  8.0
Hexes          | 1 2 3 4 |  4.0
Translocations | 1 2 3 |  3.0
Throwing       | 3 5 7 8 9 |  9.4
Summonings     | 1 3 5 6 |  6.0
Air Magic      | 4 6 9 |  9.0

Action                   |  1- 3 |  4- 6 |  7- 9 | 10-12 | 13-15 | 16-18 | 19-21 | 22-24 || total
-------------------------+-------+-------+-------+-------+-------+-------+-------+-------++-------
Melee: Long sword        |    63 |    80 |   229 |       |       |       |       |       ||   372
       Kick              |    19 |    35 |   122 |   130 |   423 |   643 |   763 |   931 ||  3066
       Peck              |    10 |    14 |    72 |    76 |   263 |   406 |   495 |   588 ||  1924
       Double sword      |       |       |    50 |   335 |   775 |  1186 |  1279 |  1300 ||  4925
Throw: Tomahawk          |       |       |       |       |       |    19 |    21 |       ||    40
Invok: Heroism           |       |       |       |     3 |    16 |    27 |    26 |    29 ||   101
       Finesse           |       |       |       |       |     1 |       |     2 |     1 ||     4
 Abil: Fly               |       |     1 |       |       |       |       |       |       ||     1
       Evoke Blink       |       |       |       |     5 |     2 |     3 |       |     6 ||    16
Evoke: Wand              |       |       |       |    23 |    29 |     7 |     7 |    21 ||    87
       Sack of spiders   |       |       |       |       |     1 |       |       |       ||     1
       Box of beasts     |       |       |       |       |       |     2 |       |       ||     2
       Lightning rod     |       |       |       |       |       |       |       |     6 ||     6
       Lamp of fire      |       |       |       |       |       |       |       |     4 ||     4
  Use: Potion            |       |     3 |     2 |     2 |     2 |     5 |     2 |     2 ||    18
       Scroll            |       |       |    13 |    11 |    12 |    11 |     9 |    14 ||    70
 Stab: Sleeping          |     4 |     1 |    14 |    24 |    15 |    49 |    42 |    24 ||   173
       Distracted        |       |       |     1 |     1 |       |     7 |     6 |    14 ||    29
       Confused          |       |       |       |       |       |     1 |       |       ||     1
  Eat: Chunk             |     1 |     4 |    14 |     3 |     7 |     5 |     1 |     3 ||    38
       Ration            |       |       |     1 |     4 |     7 |    11 |    10 |    11 ||    44
Armor: Leather armour    |    14 |     8 |    36 |    30 |    77 |   124 |    42 |       ||   331
       Robe              |       |     5 |     3 |       |       |       |       |       ||     8
       Scale mail        |       |       |       |       |       |       |    93 |   104 ||   197
       Acid dragon scale |       |       |       |       |       |       |       |    86 ||    86
Dodge: Dodged            |    43 |    78 |   146 |   217 |   655 |  1082 |  1106 |  1234 ||  4561
Block: Shield            |       |       |   102 |    12 |       |       |       |       ||   114
       Buckler           |       |       |       |   112 |   302 |   466 |   545 |   652 ||  2077
       Rpst.: Long sword |    10 |    24 |    46 |       |       |       |       |       ||    80
       Double sword      |       |       |     6 |    48 |   157 |   208 |   183 |   234 ||   836

Table legend:
 A = Non-vault XP
 B = Vault XP
 C = Vault XP percentage of total XP
 D = Non-vault monster count
 E = Vault monster count
 F = Vault count percentage of total count
                 A         B        C        D         E       F
            +---------+---------+-------+---------+---------+-------
      Total |  553914 |  388601 |  41.2 |    1334 |     616 |  31.6
            +---------+---------+-------+---------+---------+-------
        D:1 |      44 |       0 |   0.0 |      24 |       0 |   0.0
        D:2 |      76 |     212 |  73.6 |      22 |       1 |   4.3
        D:3 |     192 |     188 |  49.5 |      23 |       7 |  23.3
        D:4 |     223 |      90 |  28.8 |      11 |       5 |  31.2
        D:5 |     219 |     324 |  59.7 |      12 |      10 |  45.5
        D:6 |    1132 |     129 |  10.2 |      30 |       1 |   3.2
        D:7 |     610 |     434 |  41.6 |      16 |       1 |   5.9
        D:8 |    3840 |       0 |   0.0 |      32 |       0 |   0.0
        D:9 |     818 |       0 |   0.0 |      14 |       0 |   0.0
       D:10 |    3691 |    7550 |  67.2 |      37 |      33 |  47.1
       D:11 |    4288 |    3061 |  41.7 |      40 |       1 |   2.4
       D:12 |    5277 |    2213 |  29.5 |      30 |       1 |   3.2
       D:13 |   13534 |    6224 |  31.5 |      41 |      11 |  21.2
       D:14 |   11193 |    1628 |  12.7 |      34 |       2 |   5.6
       D:15 |   26316 |    7223 |  21.5 |      51 |       9 |  15.0
     Lair:1 |    3873 |    1083 |  21.9 |      17 |       2 |  10.5
     Lair:2 |    3585 |    1528 |  29.9 |      17 |       2 |  10.5
     Lair:3 |    1426 |    2628 |  64.8 |       7 |       3 |  30.0
     Lair:4 |   11384 |    2530 |  18.2 |      24 |       4 |  14.3
     Lair:5 |    7475 |       0 |   0.0 |      23 |       0 |   0.0
     Lair:6 |    8505 |   21916 |  72.0 |      31 |      77 |  71.3
   Shoals:1 |   18842 |       0 |   0.0 |      38 |       0 |   0.0
   Shoals:2 |   19180 |       0 |   0.0 |      39 |       0 |   0.0
   Shoals:3 |   17744 |    9241 |  34.2 |      26 |      18 |  40.9
   Shoals:4 |   23982 |   21626 |  47.4 |      44 |      33 |  42.9
    Snake:1 |   19577 |    2272 |  10.4 |      38 |       7 |  15.6
    Snake:2 |   18289 |       0 |   0.0 |      35 |       0 |   0.0
    Snake:3 |   10371 |     463 |   4.3 |      17 |       1 |   5.6
    Snake:4 |   18886 |   33525 |  64.0 |      42 |      48 |  53.3
      Orc:1 |    2345 |       0 |   0.0 |      34 |       0 |   0.0
      Orc:2 |    4739 |    8192 |  63.4 |      46 |      24 |  34.3
   Vaults:1 |   36322 |   21813 |  37.5 |      70 |      40 |  36.4
   Vaults:2 |   50815 |   46742 |  47.9 |      72 |      48 |  40.0
   Vaults:3 |   34192 |   13454 |  28.2 |      57 |      18 |  24.0
   Vaults:4 |   55345 |   31171 |  36.0 |      82 |      33 |  28.7
   Depths:1 |   30915 |   12881 |  29.4 |      43 |      11 |  20.4
   Depths:2 |   30354 |   62314 |  67.2 |      52 |      68 |  56.7
   Depths:3 |   48634 |   50204 |  50.8 |      58 |      33 |  36.3
   Depths:4 |    5681 |    1900 |  25.1 |       5 |       2 |  28.6
      IceCv |       0 |    9785 | 100.0 |       0 |      52 | 100.0
   Gauntlet |       0 |    4057 | 100.0 |       0 |      10 | 100.0
            +---------+---------+-------+---------+---------+-------
